 Dungeon Crawl Stone Soup version 0.30-b1-2-g02819fbbbe (webtiles) character file.

Game seed: 4642788574331765535

43 Alarkh the Sneak (level 3, -12/29 HPs)
             Began as a Demonspawn Delver on July 5, 2023.
             Mangled by an iguana (13 damage)
             ... on level 5 of the Dungeon.
             The game lasted 00:00:24 (201 turns).

Alarkh the Sneak (Demonspawn Delver)                 Turns: 201, Time: 00:00:24

Health: -12/29     AC:  3    Str: 12    XL:     3   Next: 37%
Magic:  0/3        EV: 11    Int: 13    God:
Gold:   0          SH:  0    Dex: 14    Spells: 2/2 levels left

rFire   . .          .
                       - Unarmed
rCold   . . .        (no shield)
rNeg    . . .        a - +0 leather armour
rPois   .            (no helmet)
rElec   .            (no cloak)
rCorr   .            (no gloves)
SInv    .            (no boots)
Will    .....        (no amulet)
Stlth   ++           (no ring)
HPRegen 0.24/turn    (no ring)
MPRegen 0.16/turn

%: guardian spirit
@: no status effects
A: magic shield, magic regeneration
a: no special abilities


You were on level 5 of the Dungeon.
You visited 1 branch of the dungeon, and saw 1 of its levels.

Inventory:

Armour
 a - a +0 leather armour (worn)
Wands
 f - a wand of digging (3)
Scrolls
 b - a scroll of fog
 c - a scroll of magic mapping
 d - a scroll of fear
 e - a scroll of identify {unknown}


   Skills:
 - Level 3.0 Fighting
 - Level 1.7 Dodging
 - Level 4.5 Stealth
 + Level 3.5 Unarmed Combat


You had 2 spell levels left.
You didn't know any spells.
Your spell library was empty.

Dungeon Overview and Level Annotations

Branches:
Dungeon (5/15)
 Temple: D:4-7

Altars:


Innate Abilities, Weirdness & Mutations

When hurt, damage is shared between your health and your magic reserves.
You regenerate magic rapidly.


Message History

The slug dart misses you. The iguana attacks as you move away!
The iguana closely misses you.
An orc comes into view. It is wielding a +0 flail.
The iguana barely misses you. The iguana attacks as you move away!
The iguana barely misses you.
You closely miss the iguana. You punch the iguana.
The iguana is lightly wounded.
The iguana closely misses you.
You hit the iguana.
The iguana is moderately wounded.
The iguana bites you!
You hit the iguana.
The iguana is heavily wounded.
You hit the iguana but do no damage.
The iguana is heavily wounded.
The iguana bites you but does no damage.
You closely miss the iguana.
The iguana is heavily wounded.
The iguana bites you but does no damage.
You hit the iguana but do no damage.
The iguana is heavily wounded.
The iguana bites you!
You closely miss the iguana.
The iguana is heavily wounded.
The iguana bites you.
You closely miss the iguana.
The iguana is heavily wounded.
The iguana bites you.
* * * LOW HITPOINT WARNING * * *
You barely miss the iguana.
The iguana is heavily wounded.
The iguana bites you!
* * * LOW HITPOINT WARNING * * *
You hit the iguana but do no damage.
The iguana is heavily wounded.
The iguana bites you but does no damage.
You hit the iguana. Your punch misses the iguana.
The iguana is severely wounded.
The iguana bites you!
You die...

..... ..o. ..f ..
##'## #...#
#+#..f#+# ###
#....wl@# ...'
###...#####f.
#.+...†.#...
#######+#.#####.#'#
#.....#.....#.....#
#.##'##.....+.....#
#.#...#.....#.....#
#+#...#'#.#####.#'#
#.......#.'...'.#...


You could see a sleepcap, an iguana and a dart slug.

Vanquished Creatures
  A howler monkey (D:5)
  A dart slug (D:5)
2 creatures vanquished.

Notes
Turn   | Place    | Note
-------+----------+-------------------------------------------
     0 | D:5      | Alarkh the Demonspawn Delver began the quest for the Orb.
     0 | D:5      | Reached XP level 1. HP: 18/18 MP: 1/1
    17 | D:5      | Noticed a howler monkey
    23 | D:5      | Noticed an orc priest
    34 | D:5      | Killed a howler monkey
    35 | D:5      | Gained mutation: You regenerate magic rapidly. [demonic
                  | ancestry]
    35 | D:5      | Reached XP level 2. HP: 11/24 MP: 2/2
    35 | D:5      | Gained mutation: When hurt, damage is shared between your
                  | health and your magic reserves. [demonic ancestry]
    35 | D:5      | Reached XP level 3. HP: 14/29 MP: 3/3
   199 | D:5      | HP: 1/29 [iguana (5)]
   201 | D:5      | Mangled by an iguana

Illustrated notes

Levels and vault maps discovered:
D:5:      nicolae_cairo_tiling_large, layout_rooms, nzn_hepliaklqana_mist_gate,
          kennysheep_mini, mainiacjoe_overflow_small_starburst,
          pf_guarded_unrand_woodcutter

Skill      XL: |  1 |
---------------+----+-----
Unarmed Combat | 3 |  3.5
Fighting       | |  3.0
Dodging        | |  1.7
Stealth        | |  4.5

Action                     || total
---------------------------++-------
  Melee: Unarmed           ||    30
         Punch             ||     1
    Use: Potion            ||     1
 Armour: Leather armour    ||     5
  Dodge: Dodged            ||    11
